 Dungeon Crawl Stone Soup version 0.29.1 (webtiles) character file.

Game seed: 18070102778561091101

164575 ragingrage the Geomancer (level 17, 0/131 HPs)
             Began as a Demonspawn Wanderer on Sept 14, 2022.
             Was the Champion of Jiyva.
             Slain by a saltling (5 damage)
             ... in the Desolation of Salt.
             The game lasted 00:49:08 (27480 turns).

ragingrage the Geomancer (Demonspawn Wanderer)     Turns: 27480, Time: 00:49:08

Health: 0/131      AC: 12    Str: 21    XL:     17   Next: 1%
Magic:  30/31      EV: 25    Int: 17    God:    Jiyva [******]
Gold:   1992       SH: 14    Dex: 30    Spells: 21/36 levels left

rFire   + . .      SeeInvis .   X - +6 spear of Guile {spect, rElec rPois rN++ Dex+4}
rCold   + . .      Faith    .   e - +0 buckler {AC+3}
rNeg    + + .      Spirit   .   u - +0 acid dragon scales
rPois   +          Reflect  +   (helmet restricted)
rElec   +          Harm     .   E - +0 cloak
rCorr   +          Rampage  .   (no gloves)
Will    +....                   (boots unavailable)
Stlth   ++........              P - amulet of Owodaul {Reflect rC+ Str+3 SH+5}
HPRegen 2.71/turn               p - +6 ring of dexterity
MPRegen 0.72/turn               a - +4 ring of evasion

@: about to teleport, slimy, slowed, very slow
A: claws 2, yellow scales 2, demonic guardian 3, ignite blood 2, hooves 3, horns
1, agile 2, fire resistance 1, regeneration 1, strong 2, wild magic 1, acidic
bite, pseudopods 1, tendrils, jelly sensing items, sturdy frame 2
}: 1/15 runes: slimy
a: Renounce Religion, Oozemancy, Slimify


You were in the Desolation of Salt.
You worshipped Jiyva.
Jiyva was exalted by your worship.
You visited 5 branches of the dungeon, and saw 28 of its levels.
You also visited: Volcano and Desolation.

You collected 3598 gold pieces.
You spent 1606 gold pieces at shops.

Inventory:

Hand Weapons
 O - a +0 demon whip of venom
 Q - a +2 demon blade of draining
 X - the +6 spear of Guile (weapon) {spect, rElec rPois rN++ Dex+4}
   (You bought it in a shop on level 2 of the Orcish Mines)

   When its wielder attacks, the weapon's spirit leaps out and strikes again.
   The spirit shares a part of any damage it takes with its wielder.
   Dex:       It affects your dexterity (+4).
   rElec:     It insulates you from electricity.
   rPois:     It protects you from poison.
   rN:        It greatly protects you from negative energy.
Missiles
 h - 20 poisoned darts
 x - 2 throwing nets
 N - 6 javelins
Armour
 e - a +0 buckler of protection (worn)
 u - +0 acid dragon scales (worn)
 B - +0 ice dragon scales
 E - a +0 cloak (worn)
 F - the +1 chain mail of Daisies {Rampage rElec}
   (You found it on level 9 of the Dungeon)

   rElec:     It insulates you from electricity.
   Rampage:   It bestows one free step when moving towards enemies.
 T - a +1 robe of fire resistance
 U - a +0 pair of boots
 V - a +1 robe of willpower
Jewellery
 a - a +4 ring of evasion (right claw)
 f - the ring of Ythraci {rElec rN+ AC+4 Int-3 SInv}
   (You found it in the Desolation of Salt)

   [ring of protection]

   AC:        It affects your AC (+4).
   Int:       It affects your intelligence (-3).
   rElec:     It insulates you from electricity.
   rN:        It protects you from negative energy.
   SInv:      It lets you see invisible.
 o - a ring of ice
 p - a +6 ring of dexterity (left claw)
 G - a ring of see invisible
 P - the amulet of Owodaul (around neck) {Reflect rC+ Str+3 SH+5}
   (You found it on level 12 of the Dungeon)

   [amulet of reflection]

   It reflects blocked missile attacks.
   Str:       It affects your strength (+3).
   rC:        It protects you from cold.
   SH:        It affects your SH (+5).
 R - a ring of willpower
 Y - the amulet "Kymuaheuch" {Spirit rElec Str-5 Dex+6}
   (You found it in the Desolation of Salt)

   [amulet of guardian spirit]

   It causes incoming damage to be divided between your reserves of health and
   magic.
   Str:       It affects your strength (-5).
   Dex:       It affects your dexterity (+6).
   rElec:     It insulates you from electricity.
 Z - the amulet of Cowardice {Reflect Str+7 SH+5}
   (You took it off a servant of whispers in the Desolation of Salt)

   [amulet of reflection]

   It reflects blocked missile attacks.
   Str:       It affects your strength (+7).
   SH:        It affects your SH (+5).
Wands
 b - a wand of flame (13)
 c - a wand of mindburst (3)
 s - a wand of quicksilver (5)
 K - a wand of charming (6)
Scrolls
 d - 2 scrolls of amnesia
 g - 4 scrolls of enchant weapon
 i - 3 scrolls of poison
 j - 2 scrolls of magic mapping
 m - 5 scrolls of teleportation
 n - 5 scrolls of brand weapon
 t - 2 scrolls of enchant armour
 y - 3 scrolls of blinking
 D - 3 scrolls of fear
 I - 2 scrolls of butterflies
 W - 2 scrolls of identify {@rr}
Potions
 k - 2 potions of berserk rage
 l - 9 potions of curing
 q - 3 potions of brilliance
 v - a potion of cancellation
 w - 3 potions of invisibility
 z - 2 potions of might
 A - a potion of mutation {unknown}
 C - 4 potions of haste
 H - 3 potions of heal wounds
 L - 3 potions of lignification
 S - a potion of ambrosia {unknown}
Miscellaneous
 r - a phial of floods
 J - a tin of tremorstones (2/2)


   Skills:
 + Level 11.0 Fighting
 - Level 8.0 Armour
 + Level 9.0 Dodging
 + Level 11.3 Shields
 + Level 10.2 Spellcasting
 - Level 13.2 Conjurations
 - Level 1.0 Hexes
 - Level 14.1 Earth Magic
 - Level 9.0 Invocations
 - Level 5.0 Evocations


You had 21 spell levels left.
You knew the following spells:

 Your Spells              Type           Power      Damage    Failure   Level
a - Sandblast             Erth           100%       2d20      1%          1
b - Stone Arrow           Conj/Erth      100%       3d13      1%          3
c - Iron Shot             Conj/Erth      32%        9d7       9%          6
d - Yara's Violent Unrav  Hex/Tmut       6%         3d5       95%         5

Your spell library contained the following spells:

 Spells                   Type           Power      Damage    Failure   Level
 Foxfire                  Conj/Fire      100%       2x1d9     1%          1
 Conjure Flame            Conj/Fire      40%        6-21      3%          3
 Dazzling Flash           Conj/Hex       84%        N/A       3%          3
 Flame Wave               Conj/Fire      40%        2d11      10%         4
 Hailstorm                Conj/Ice       40%        3d10      10%         4
 Iskenderun's Mystic Bla  Conj/Tloc      40%        2d9       10%         4
 Summon Small Mammal      Summ           44%        N/A       14%         1
 Poisonous Vapours        Pois/Air       22%        N/A       22%         2
 Confusing Touch          Hex            16%        N/A       26%         3
 Fireball                 Conj/Fire      20%        3d10      26%         5
 Inner Flame              Hex/Fire       13%        N/A       32%         3
 Summon Guardian Golem    Hex/Summ       13%        N/A       32%         3
 Call Canine Familiar     Summ           11%        N/A       38%         3
 Ozocubu's Armour         Ice            11%        N/A       38%         3
 Freezing Cloud           Conj/Ice/Air   15%        6-21      50%         5
 Corpse Rot               Necr/Pois/Air  11%        N/A       77%         4
 Starburst                Conj/Fire      20%        6d7       77%         6
 Manifold Assault         Tloc           11%        N/A       97%         5
 Simulacrum               Ice/Necr       5%         N/A       100%        6
 Enfeeble                 Hex            8%         N/A       100%        7
 Ozocubu's Refrigeration  Ice            5%         4d8       100%        7
 Chain Lightning          Conj/Air       20%        3d26      100%        9
 Polar Vortex             Ice            5%         N/A       100%        9


Dungeon Overview and Level Annotations

Branches:
Dungeon (15/15)            Temple (0/1) D:6            Lair (5/5) D:8
  Swamp (0/4) Lair:2       Spider (0/4) Lair:3        Slime (5/5) Lair:5
    Orc (2/2) D:11            Elf (1/3) Orc:2        Vaults (0/5) D:14
 Depths (0/4) D:15        Volcano (visited)         Desolation (1/1)

Altars:
Ashenzari
Cheibriados
Dithmenos
Hepliaklqana
Kikubaaqudgha
Makhleb
Okawaru
Trog
Uskayaw
Vehumet
Wu Jian
Xom
Yredelemnul
Jiyva

Shops:
D:1 =   D:5 (([?   D:12 [!=!   Orc:2 [[(:   Elf:1 :*

Portals:
Hell: Lair:5
Trove: D:11 (give +3 fire dragon scales)

Annotations:
D:8 2 transporters, CertainDeath's ghost, novice TrTm
D:9 2 runed translucent doors, Bediveer's ghost, journeyman BaHu
D:12 2 transporters
Slime:5 Royal Jelly


Innate Abilities, Weirdness & Mutations

You have very sharp fingernails.
You are mostly covered in yellow scales. (AC +3)
A powerful demonic guardian rushes to your aid.
Your demonic aura often causes spilled blood to erupt in flames.
You have hooves in place of feet.
You have a pair of small horns on your head.
You are very agile. (Dex +8, Str/Int -2)
Your flesh is heat resistant. (rF+)
Your natural rate of healing is unusually fast.
Your muscles are very strong. (Str +8, Int/Dex -2)
Your spells are a little harder to cast, but a little more powerful.
You have acidic saliva.
Armour fits poorly on your pseudopods.
You are covered in slimy tendrils that may disarm your opponents.
You have a small jelly attached to you that senses nearby items.
Your movements are less encumbered by armour. (ER -4)


Message History

Okay, then.
Okay, then.
A thick mucus forms on the +6 spear of Guile {spect, rElec rPois rN++ Dex+4}.
The ragged hierophant points at you and mumbles some strange words.
A blast of power from the earth and the saltlings strikes you!
The ragged hierophant mumbles some strange words.
The ragged hierophant begins to accept its allies' injuries.
You block the saltling's attack. x2; The saltling closely misses you.
You block the saltling's attack.
You hit the saltling but do no damage.
You kick the saltling, but do no damage.
You bludgeon the saltling, but do no damage.
The saltling is moderately damaged.
Your +6 spear of Guile {spect, rElec rPois rN++ Dex+4} hits the saltling but does no damage.
The saltling hits you! You block the saltling's attack. x2
The saltling hits you! x2
* * * LOW HITPOINT WARNING * * *
You hit the saltling.
You headbutt the saltling, but do no damage.
The saltling is moderately damaged.
Your +6 spear of Guile {spect, rElec rPois rN++ Dex+4} hits the saltling but does no damage.
The saltling completely misses you.
The ragged hierophant gestures at you while chanting.
A blast of power from the earth and the saltlings strikes you!
* * * LOW HITPOINT WARNING * * *
The ragged hierophant misses your +6 spear of Guile {spect, rElec rPois rN++ Dex+4}.
You block the saltling's attack.
The saltling hits you but does no damage.
The saltling completely misses you. x2; The saltling misses you.
As you read the scroll of teleportation, it crumbles to dust.
You feel strangely unstable.
The air resumes its normal movements.
You block the saltling's attack. The saltling closely misses you.
The ragged hierophant casts a spell at you.
A blast of power from the earth and the saltlings strikes you!
* * * LOW HITPOINT WARNING * * *
A demonic guardian appears!
You block the saltling's attack. The saltling hits you!
* * * LOW HITPOINT WARNING * * *
The saltling hits you.
You die...

..................#.....######
........................######
..................#.....######
....#.##........####....######
...##..##..........#.....#####
..# ................#.....####
.. ... .#....2...........####
#.##..a..........####
.##..#..9@ยง........####
.#.......9#9........####
#...................####
...........a.......#####
.....###...........####
.a.#...#..........#####
..#a..............#####
#..a.............#####
9.....=...........#####


You could see 2 ragged hierophants, 3 saltlings and a friendly reaper
(summoned).

Vanquished Creatures
  Jorgrun (D:13)
  An imperial myrmidon (Desolation)
  A deep elf demonologist (Elf:1)
  A deep elf annihilator (Elf:1)
  A dire elephant (Lair:5)
  2 halazid warlocks (Desolation)
  A crystal guardian (Desolation)
  A fire dragon (D:15)
  8 vault guards (D:14)
  5 ragged hierophants (Desolation)
  11 servants of whispers (Desolation)
  2 boulder beetles
  An ice dragon (D:15)
  7 peacekeepers (Desolation)
  3 centaur warriors
  Erica (Lair:2)
  8 hydras
  5 ogre magi
  A hell beast (Lair:5)
  A catoblepas (Lair:3)
  23 two-headed ogres
  6 death yaks
  A dancing weapon (Elf:1)
  Amaemon (D:8)
  3 skeletal warriors
  3 ironbound convokers (Desolation)
  2 wizards
  An anaconda skeleton (Volcano)
  A lindwurm (Lair:4)
  4 bog bodies (Lair:2)
  Pikel (D:8)
  A harpy (shapeshifter) (D:15)
  5 deep elf archers (Elf:1)
  6 deep elf pyromancers
  6 deep elf zephyrmancers (Elf:1)
  20 ugly things (D:14)
  5 cyclopes
  A manticore (D:15)
  A centaur zombie (D:10)
  2 guardian serpents (Desolation)
  6 black mambas
  A molten gargoyle (Desolation)
  2 smoke demons
  4 elephants (Lair:3)
  2 orange demons
  A torpor snail (Lair:4)
  10 cane toads
  5 gargoyles
  Maggie (D:8)
  An unseen horror zombie (D:10)
  3 rime drakes
  3 unseen horrors
  9 komodo dragons
  An efreet (D:14)
  5 trolls
  A red devil (Lair:5)
  3 ice devils (Lair:5)
  5 polar bears
  2 harpy skeletons (Volcano)
  18 blink frogs
  2 dream sheep (Lair:5)
  53 saltlings (Desolation)
  2 alligator skeletons (Volcano)
  2 wraiths
  4 wyverns
  3 flying skulls (Volcano)
  A shadow (D:9)
  40 yaks
  2 basilisks
  A fire elemental (D:14)
  A steam dragon (D:6)
  10 vampire mosquitoes (D:12)
  2 swamp worms (Lair:2)
  2 acid dragons
  A two-headed ogre zombie (D:11)
  10 water moccasins
  4 hell hounds (Lair:5)
  2 ice beasts (D:8)
  12 orc warriors
  22 wolves
  24 ogres
  4 boggarts (Lair:3)
  6 centaurs
  4 lemures
  4 phantoms
  3 kobold brigands
  Blork the orc (D:4)
  11 bullfrogs
  3 necrophages
  2 gnoll sergeants
  2 scorpions
  13 wights
  7 killer bees (D:9)
  2 troll skeletons (Volcano)
  2 electric eels
  7 howler monkeys
  2 lava snakes
  4 jellies
  3 hounds
  13 orc priests
  A gnoll bouda (D:6)
  An iguana (D:3)
  15 orc wizards
  A naga skeleton (Volcano)
  4 ogre zombies (D:11)
  Robin (D:3)
  9 adders
  14 gnolls
  A shadow imp (D:7)
  2 white imps
  3 ufetubi
  2 worms
  A dart slug (D:1)
  51 orcs
  8 bats
  8 endoplasms
  4 giant cockroaches
  19 goblins
  11 hobgoblins
  3 jackals (D:3)
  3 quokkas
  11 ball pythons
  2 frilled lizards (D:2)
  2 goblin zombies (D:11)
  A hobgoblin skeleton (D:11)
  2 hobgoblin zombies (D:11)
  17 kobolds
  2 orc skeletons (D:11)
  10 orc zombies (D:11)
  7 rats
  A butterfly (Lair:4)
748 creatures vanquished.

Vanquished Creatures (collateral kills)
  A ragged hierophant (Desolation)
  2 servants of whispers (Desolation)
  A boulder beetle (D:14)
  A death knight (D:13)
  5 death yaks (Lair:4)
  2 skeletal warriors
  A deep elf archer (Elf:1)
  A phantasmal warrior (D:13)
  An ironbound convoker (Desolation)
  2 ugly things (D:14)
  2 guardian serpents (Desolation)
  A gargoyle (Volcano)
  2 black mambas
  2 komodo dragons
  17 saltlings (Desolation)
  2 blink frogs (Lair:1)
  A harpy skeleton (Volcano)
  6 yaks
  A wraith (D:12)
  A vampire (D:12)
  A water moccasin (Lair:3)
  A hell hound (Lair:5)
  3 ogres (Orc:2)
  7 wolves
  A centaur (D:5)
  A bullfrog (Lair:1)
  2 killer bees (D:9)
  A spriggan skeleton (Volcano)
  An orc wizard (D:6)
  A white imp (D:6)
  4 orcs
  An endoplasm (D:2)
76 creatures vanquished.

Vanquished Creatures (others)
  An acid blob (D:15)
  Josephine (D:13)
  An ogre mage (Orc:2)
  A deep elf knight (Elf:1)
  A manticore (D:12)
  An efreet (D:13)
  A meliai (shapeshifter) (D:12)
  6 slime creatures
  A shadow (D:12)
  A yak (Lair:2)
  6 wraiths (D:13)
  A basilisk (Lair:1)
  An acid dragon (D:13)
  An orc warrior (Orc:1)
  A phantom (D:11)
  4 wights (D:9)
  A killer bee (D:9)
  A hound (D:6)
  82 jellies
  An orc priest (Orc:1)
  An ogre zombie (D:11)
  A gnoll (D:6)
  7 orcs
  A goblin zombie (D:11)
  A hobgoblin skeleton (D:11)
  An orc skeleton (D:11)
  5 orc zombies (D:11)
  A bush (Lair:1)
  A butterfly (Lair:4)
  A fire vortex (D:14)
  62 fungi
  93 plants
  2 withered plants (Desolation)
291 creatures vanquished.

Grand Total: 1115 creatures vanquished

Notes
Turn   | Place    | Note
-------+----------+-------------------------------------------
     0 | D:1      | ragingrage the Demonspawn Wanderer began the quest for the
                  | Orb.
     0 | D:1      | ragingrage set off with the following items: a +0 dagger, a
                  | wand of flame (3), a potion of curing, a +0 robe, a +0
                  | buckler of protection; and the following spell memorised:
                  | Sandblast; and the following spells available to memorise:
                  | Stone Arrow.
     0 | D:1      | Reached XP level 1. HP: 18/18 MP: 2/2
   213 | D:1      | Gained mutation: A weak demonic guardian rushes to your
                  | aid. [demonic ancestry]
   213 | D:1      | Reached XP level 2. HP: 24/24 MP: 1/3
   222 | D:1      | Reached skill level 2 in Earth Magic
   355 | D:1      | Found Zaados's Jewellery Shop.
   772 | D:1      | Reached XP level 3. HP: 24/29 MP: 0/4
  1188 | D:2      | Reached skill level 3 in Earth Magic
  1231 | D:2      | Found a faded altar of an unknown god.
  2034 | D:2      | Gained mutation: You are partially covered in yellow
                  | scales. (AC +2) [demonic ancestry]
  2034 | D:2      | Reached XP level 4. HP: 34/35 MP: 3/5
  2273 | D:3      | Learned a level 3 spell: Stone Arrow
  2639 | D:3      | Noticed an ogre
  2834 | D:3      | Reached skill level 4 in Earth Magic
  3220 | D:2      | Gained mutation: You have sharp fingernails. [demonic
                  | ancestry]
  3220 | D:2      | Reached XP level 5. HP: 25/41 MP: 3/6
  3643 | D:3      | Found a snail-covered altar of Cheibriados.
  3658 | D:3      | Reached skill level 5 in Earth Magic
  3917 | D:3      | Killed an ogre
  3918 | D:3      | Gained mutation: Your demonic aura sometimes causes spilled
                  | blood to erupt in flames. [demonic ancestry]
  3918 | D:3      | Reached XP level 6. HP: 47/47 MP: 2/7
  4328 | D:4      | Noticed Blork the orc
  4336 | D:4      | Killed Blork the orc
  4337 | D:4      | Reached skill level 6 in Earth Magic
  5098 | D:4      | Gained mutation: You are mostly covered in yellow scales.
                  | (AC +3) [demonic ancestry]
  5098 | D:4      | Reached XP level 7. HP: 45/52 MP: 4/8
  5110 | D:4      | Reached skill level 7 in Earth Magic
  5208 | D:4      | Noticed Robin
  5323 | D:3      | Killed Robin
  5738 | D:5      | Entered Level 5 of the Dungeon
  5827 | D:5      | Reached skill level 8 in Earth Magic
  6263 | D:5      | Found Kysecead's Weapon Shop.
  6373 | D:5      | Gained mutation: A demonic guardian rushes to your aid.
                  | [demonic ancestry]
  6373 | D:5      | Reached XP level 8. HP: 58/58 MP: 5/9
  6431 | D:5      | Found a hazy altar of Hepliaklqana.
  6578 | D:5      | Found Pode's Antique Armour Boutique.
  7223 | D:5      | Reached skill level 9 in Earth Magic
  7760 | D:5      | Found Woelui Faso's Weapon Emporium.
  7823 | D:5      | Found Xawyn's Magic Scroll Shoppe.
  7947 | D:5      | Bought a scroll of blinking for 112 gold pieces
  7947 | D:5      | Bought a scroll of teleportation for 45 gold pieces
  8100 | D:6      | Reached skill level 1 in Conjurations
  8120 | D:6      | HP: 2/58 [poisoned by an orc]
  8379 | D:5      | Identified a scroll of acquirement
  8379 | D:5      | Acquired 1082 gold pieces
  8984 | D:6      | Reached skill level 10 in Earth Magic
  9449 | D:6      | Got Horaz's Handbook of the Jaunt and the Impact
  9482 | D:6      | Found a radiant altar of Vehumet.
  9504 | D:6      | Reached XP level 9. HP: 63/63 MP: 7/10
  9686 | D:2      | Prayed at the altar of an unknown god.
  9686 | D:2      | Became a worshipper of Jiyva Joewkai the Shapeless
  9686 | D:2      | Reached * piety under Jiyva
  9761 | D:6      | Found a staircase to the Ecumenical Temple.
 10126 | D:7      | Found a shadowy altar of Dithmenos.
 10319 | D:7      | Reached ** piety under Jiyva
 10623 | D:7      | Reached skill level 5 in Conjurations
 10846 | D:8      | Identified the +8 whip "Laqoguz" {antimagic, rElec Int+5}
 10882 | D:8      | Found a bloodstained altar of Trog.
 10890 | D:8      | Noticed Pikel
 10924 | D:8      | Found a transporter.
 10954 | D:8      | Found an iron altar of Okawaru.
 10974 | D:8      | Reached skill level 11 in Earth Magic
 11037 | D:8      | Noticed Maggie
 11041 | D:8      | Noticed Amaemon
 11042 | D:8      | Noticed an orange demon
 11043 | D:8      | Killed Maggie
 11231 | D:9      | Identified the +1 chain mail of Daisies {Rampage rElec}
 11244 | D:9      | Found a shimmering altar of Xom.
 11247 | D:9      | Reached *** piety under Jiyva
 11361 | D:9      | Found a large runed translucent door.
 11361 | D:9      | Found a large runed translucent door.
 11452 | D:9      | Noticed Bediveer's ghost (journeyman BaHu)
 11549 | D:9      | Noticed a troll
 11552 | D:9      | Killed a troll
 11553 | D:9      | Gained mutation: A powerful demonic guardian rushes to your
                  | aid. [demonic ancestry]
 11553 | D:9      | Reached XP level 10. HP: 70/70 MP: 10/12
 11620 | D:8      | Found a transporter.
 11623 | D:8      | Noticed a two-headed ogre
 11625 | D:8      | Noticed CertainDeath's ghost (novice TrTm)
 11638 | D:8      | Found a bloodstained altar of Trog.
 11650 | D:8      | Noticed a moth of wrath
 11765 | D:8      | Killed Pikel
 11852 | D:8      | Found a hide-covered altar of Uskayaw.
 11858 | D:8      | Found a broken altar of Ashenzari.
 11863 | D:8      | Found an ornate altar of the Wu Jian Council.
 11919 | D:8      | Found a staircase to the Lair.
 11974 | D:8      | Killed an orange demon
 11985 | D:8      | Killed Amaemon
 12155 | D:9      | Reached **** piety under Jiyva
 12482 | D:9      | Gained mutation: You are agile. (Dex +4, Str/Int -1)
                  | [Jiyva's grace]
 12482 | D:9      | Gained mutation: You are very agile. (Dex +8, Str/Int -2)
                  | [Jiyva's grace]
 12482 | D:9      | Gained mutation: You passively map a small area around you.
                  | [Jiyva's grace]
 12482 | D:9      | Gained mutation: You passively map the area around you.
                  | [Jiyva's grace]
 12599 | D:10     | Entered Level 10 of the Dungeon
 12636 | D:10     | Reached skill level 5 in Fighting
 12665 | D:10     | Identified the +9 dagger "Poefoiz" {flame, +Blink SInv}
 12834 | D:10     | Reached XP level 11. HP: 73/79 MP: 15/18
 12836 | D:10     | Reached skill level 5 in Shields
 13150 | D:10     | Reached skill level 5 in Spellcasting
 13154 | D:10     | Found a basalt altar of Yredelemnul.
 13308 | D:11     | Reached ***** piety under Jiyva
 13396 | D:11     | Learned a level 6 spell: Iron Shot
 13460 | D:11     | Found a burning altar of Makhleb.
 13465 | D:11     | Reached skill level 12 in Earth Magic
 13567 | D:11     | Found a staircase to the Orcish Mines.
 13738 | D:12     | Found Jaklukhlo's Antique Armour Boutique.
 13832 | D:12     | Found a transporter.
 13834 | D:12     | Identified the ring "Fudav" {rN+ Int+3 SInv Stlth+}
 13834 | D:12     | Noticed a tengu warrior
 13846 | D:12     | Found a transporter.
 13861 | D:12     | Identified the ring of Xiudgh {rF+ rC+ rN+}
 13910 | D:12     | Lost mutation: You are very agile. (Dex +8, Str/Int -2)
                  | [Jiyva's grace]
 13910 | D:12     | Gained mutation: You have acidic saliva. [Jiyva's grace]
 13910 | D:12     | Gained mutation: Your natural rate of healing is unusually
                  | fast. [Jiyva's grace]
 13910 | D:12     | Gained mutation: You heal very quickly. [Jiyva's grace]
 13910 | D:12     | Gained mutation: You regenerate. [Jiyva's grace]
 13956 | D:12     | Noticed a boulder beetle
 13961 | D:12     | Noticed a wizard
 13963 | D:12     | Noticed a two-headed ogre
 14008 | D:12     | Found Kiryamif's Distillery.
 14016 | D:12     | Bought a potion of invisibility for 96 gold pieces
 14016 | D:12     | Bought a potion of lignification for 36 gold pieces
 14030 | D:12     | Found Hoow's Jewellery Boutique.
 14136 | D:12     | Found Cydwoah's Distillery.
 14136 | D:12     | Noticed a six-headed hydra
 14142 | D:12     | Killed a six-headed hydra
 14160 | D:12     | Bought a potion of curing for 42 gold pieces
 14160 | D:12     | Bought a potion of heal wounds for 70 gold pieces
 14160 | D:12     | Bought a potion of magic for 112 gold pieces
 14214 | D:12     | Noticed a skeletal warrior
 14215 | D:12     | Noticed a skeletal warrior
 14273 | D:12     | Killed a skeletal warrior
 14278 | D:12     | Killed a skeletal warrior
 14347 | D:12     | Identified the amulet of Owodaul {Reflect rC+ Str+3 SH+5}
 14360 | D:12     | Noticed a four-headed hydra
 14362 | D:12     | Identified the +6 short sword of Bokurij {vamp, rPois rF+
                  | Will+ Str+3}
 14362 | D:12     | Noticed a skeletal warrior
 14367 | D:12     | Killed a four-headed hydra
 14386 | D:12     | Killed a skeletal warrior
 14829 | D:11     | Reached XP level 12. HP: 86/86 MP: 19/21
 14947 | D:11     | Found a portal to a secret trove of treasure.
 15216 | D:11     | Noticed a boulder beetle
 15227 | D:11     | Killed a boulder beetle
 15228 | D:11     | Reached skill level 13 in Earth Magic
 15357 | Lair:1   | Entered Level 1 of the Lair of Beasts
 15441 | Lair:1   | Found a dark tunnel.
 15462 | Lair:1   | Reached skill level 10 in Conjurations
 15488 | Volcano  | Entered a volcano
 15929 | Lair:1   | Reached skill level 14 in Earth Magic
 15945 | Lair:1   | You fall into a shaft and drop 1 floor!
 16034 | Lair:2   | Found a staircase to the Swamp.
 16063 | Lair:2   | Lost mutation: You regenerate. [Jiyva's grace]
 16063 | Lair:2   | Gained mutation: Armour fits poorly on your pseudopods.
                  | [Jiyva's grace]
 16063 | Lair:2   | Gained mutation: Armour fits poorly on your large
                  | pseudopods. [Jiyva's grace]
 16063 | Lair:2   | Gained mutation: Armour fits poorly on your massive
                  | pseudopods. [Jiyva's grace]
 16063 | Lair:2   | Gained mutation: Your rubbery body absorbs attacks. (AC +1,
                  | EV +1) [Jiyva's grace]
 16111 | Lair:2   | Noticed Erica
 16117 | Lair:2   | Killed Erica
 16118 | Lair:2   | Reached XP level 13. HP: 85/91 MP: 11/22
 17108 | Lair:3   | Reached skill level 1 in Dodging
 17243 | Lair:3   | Found a hole to the Spider Nest.
 17422 | Lair:3   | Lost mutation: You passively map the area around you.
                  | [Jiyva's grace]
 17422 | Lair:3   | Lost mutation: You heal very quickly. [Jiyva's grace]
 17422 | Lair:3   | Lost mutation: Your rubbery body absorbs attacks. (AC +1,
                  | EV +1) [Jiyva's grace]
 17422 | Lair:3   | Gained mutation: Your mind is acute. (Int +4, Str/Dex -1)
                  | [Jiyva's grace]
 17422 | Lair:3   | Gained mutation: Your mind is very acute. (Int +8, Str/Dex
                  | -2) [Jiyva's grace]
 17422 | Lair:3   | Gained mutation: You are covered in slimy tendrils that may
                  | disarm your opponents. [Jiyva's grace]
 17422 | Lair:3   | Gained mutation: Your spells are a little harder to cast,
                  | but a little more powerful. [Jiyva's grace]
 18944 | Lair:5   | Entered Level 5 of the Lair of Beasts
 18990 | Lair:4   | Reached XP level 14. HP: 34/100 MP: 9/24
 19029 | Lair:4   | Reached skill level 5 in Invocations
 19209 | Lair:5   | Found an ancient bone altar of Kikubaaqudgha.
 19541 | Lair:5   | Lost mutation: Your mind is very acute. (Int +8, Str/Dex
                  | -2) [Jiyva's grace]
 19541 | Lair:5   | Lost mutation: Your mind is acute. (Int +4, Str/Dex -1)
                  | [Jiyva's grace]
 19541 | Lair:5   | Lost mutation: Your spells are a little harder to cast, but
                  | a little more powerful. [Jiyva's grace]
 19541 | Lair:5   | Lost mutation: Armour fits poorly on your massive
                  | pseudopods. [Jiyva's grace]
 19541 | Lair:5   | Gained mutation: Your movements are slightly less
                  | encumbered by armour. (ER -2) [Jiyva's grace]
 19541 | Lair:5   | Gained mutation: Your movements are less encumbered by
                  | armour. (ER -4) [Jiyva's grace]
 19541 | Lair:5   | Gained mutation: Your movements are significantly less
                  | encumbered by armour. (ER -6) [Jiyva's grace]
 19541 | Lair:5   | Gained mutation: You have a small jelly attached to you
                  | that senses nearby items. [Jiyva's grace]
 19650 | Lair:5   | Found a runed translucent door.
 19651 | Lair:5   | Found a viscous altar of Jiyva.
 19652 | Lair:5   | Found a staircase to the Slime Pits.
 20103 | Lair:5   | Learned a level 5 spell: Yara's Violent Unravelling
 20222 | Lair:5   | Reached skill level 5 in Evocations
 20282 | Lair:5   | Found a burning altar of Makhleb.
 20288 | Lair:5   | Found a gateway to Hell.
 20935 | Orc:1    | Entered Level 1 of the Orcish Mines
 20957 | Orc:1    | Reached ****** piety under Jiyva
 20965 | Orc:1    | Reached skill level 1 in Hexes
 21259 | Orc:2    | Entered Level 2 of the Orcish Mines
 21597 | Orc:2    | Found a staircase to the Elven Halls.
 21856 | Orc:1    | Lost mutation: You are agile. (Dex +4, Str/Int -1) [Jiyva's
                  | grace]
 21856 | Orc:1    | Lost mutation: You passively map a small area around you.
                  | [Jiyva's grace]
 21856 | Orc:1    | Lost mutation: Your movements are significantly less
                  | encumbered by armour. (ER -6) [Jiyva's grace]
 21856 | Orc:1    | Gained mutation: Your muscles are strong. (Str +4, Int/Dex
                  | -1) [Jiyva's grace]
 21856 | Orc:1    | Gained mutation: Your muscles are very strong. (Str +8,
                  | Int/Dex -2) [Jiyva's grace]
 21856 | Orc:1    | Gained mutation: Your flesh is heat resistant. (rF+)
                  | [Jiyva's grace]
 21856 | Orc:1    | Gained mutation: Your flesh is very heat resistant. (rF++)
                  | [Jiyva's grace]
 22022 | Orc:2    | Reached skill level 5 in Armour
 22048 | Orc:2    | Reached skill level 5 in Dodging
 22127 | Orc:2    | Gained mutation: Your demonic aura often causes spilled
                  | blood to erupt in flames. [demonic ancestry]
 22127 | Orc:2    | Reached XP level 15. HP: 110/110 MP: 0/27
 22242 | Orc:2    | Found Wallibru's Book Emporium.
 22243 | Orc:2    | Found Bievito's Weapon Boutique.
 22243 | Orc:2    | Found Koluuxae's Armour Shoppe.
 22243 | Orc:2    | Found Mubb's Armour Boutique.
 22388 | Orc:2    | Bought a +0 pair of boots for 49 gold pieces
 22503 | D:13     | Got the Directory of Hurting
 22550 | D:13     | Noticed Jorgrun
 22561 | D:13     | Killed Jorgrun
 22589 | D:13     | Killed Josephine
 23292 | Orc:2    | Bought the +6 spear of Guile {spect, rElec rPois rN++
                  | Dex+4} for 1044 gold pieces
 23692 | D:14     | Found a gate to the Vaults.
 24016 | D:14     | Acquired 495 gold pieces
 24447 | D:15     | Entered Level 15 of the Dungeon
 24587 | D:15     | Reached skill level 10 in Shields
 24738 | D:15     | Lost mutation: Your flesh is very heat resistant. (rF++)
                  | [Jiyva's grace]
 24738 | D:15     | Lost mutation: Armour fits poorly on your large pseudopods.
                  | [Jiyva's grace]
 24738 | D:15     | Gained mutation: You are agile. (Dex +4, Str/Int -1)
                  | [Jiyva's grace]
 24738 | D:15     | Gained mutation: You are very agile. (Dex +8, Str/Int -2)
                  | [Jiyva's grace]
 24738 | D:15     | Gained mutation: You have a pair of small horns on your
                  | head. [Jiyva's grace]
 24738 | D:15     | Gained mutation: You have a pair of horns on your head.
                  | [Jiyva's grace]
 24853 | D:15     | Paralysed by an ogre mage for 5 turns
 24860 | D:15     | Noticed an acid blob
 24860 | D:15     | a two-headed ogre changed into an acid blob
 24861 | D:15     | Killed an acid blob
 25191 | D:15     | Gained mutation: You have very sharp fingernails. [demonic
                  | ancestry]
 25191 | D:15     | Reached XP level 16. HP: 118/120 MP: 10/29
 25194 | D:15     | Found a staircase to the Depths.
 25489 | Slime:1  | Entered Level 1 of the Pits of Slime
 25497 | Slime:2  | Noticed an acid blob
 25506 | Slime:3  | Noticed an acid blob
 25521 | Slime:5  | Entered Level 5 of the Pits of Slime
 25528 | Slime:5  | Noticed an acid blob
 25531 | Slime:5  | Noticed an acid blob
 25532 | Slime:5  | Noticed an acid blob
 25546 | Slime:5  | Found a viscous altar of Jiyva.
 25547 | Slime:5  | Noticed the Royal Jelly
 25548 | Slime:5  | Noticed an acid blob
 25549 | Slime:5  | Noticed an acid blob
 25551 | Slime:5  | Noticed an acid blob
 25554 | Slime:5  | Got a slimy rune of Zot
 25555 | Slime:5  | Noticed an acid blob
 25556 | Slime:5  | Identified the +8 halberd of the Blowfly {venom, Contam rF+
                  | rCorr}
 25557 | Slime:5  | Noticed an acid blob
 25563 | Slime:5  | Got the Parchment of the Winter
 25572 | Slime:5  | Identified the +2 demon whip of the Eleven Souls {vorpal,
                  | rPois}
 25583 | Slime:5  | Identified the +5 hand axe "Deshromo" {spect, rElec Str+3}
 25862 | Elf:1    | Entered Level 1 of the Elven Halls
 25889 | Elf:1    | Noticed a Brimstone Fiend
 26090 | Elf:1    | Found Xezaus's Assorted Antiques.
 26099 | Elf:1    | Found Tipeuz's Book Shop.
 26126 | Elf:1    | HP: 3/122 [deep elf archer/arrow (22)]
 26277 | Elf:1    | Found a crumbling gateway.
 26285 | Desolati | Entered the Desolation of Salt
 26407 | Desolati | Reached skill level 10 in Fighting
 26421 | Desolati | Identified the ring of Ythraci {rElec rN+ AC+4 Int-3 SInv}
 26544 | Desolati | Identified the +4 dagger "Acwu" {flame, Stlth+}
 26573 | Desolati | Reached skill level 10 in Spellcasting
 27108 | Desolati | Identified the amulet "Kymuaheuch" {Spirit rElec Str-5
                  | Dex+6}
 27206 | Desolati | Lost mutation: You have a pair of horns on your head.
                  | [Jiyva's grace]
 27206 | Desolati | Gained mutation: You have large cloven feet. [Jiyva's
                  | grace]
 27206 | Desolati | Gained mutation: You have hoof-like feet. [Jiyva's grace]
 27206 | Desolati | Gained mutation: You have hooves in place of feet. [Jiyva's
                  | grace]
 27206 | Desolati | Gained mutation: Your spells are a little harder to cast,
                  | but a little more powerful. [Jiyva's grace]
 27321 | Desolati | Identified the amulet of Cowardice {Reflect Str+7 SH+5}
 27385 | Desolati | Identified the +5 whip of Ciduig {vamp, rN+ rCorr SInv}
 27388 | Desolati | Identified the +8 hand axe of Nenk {speed, Dex+2}
 27441 | Desolati | Reached XP level 17. HP: 61/131 MP: 12/31
 27480 | Desolati | HP: 5/131 [saltling (11)]
 27480 | Desolati | Slain by a saltling

Illustrated notes

Levels and vault maps discovered:
D:1:      sevenhm_arrival_forest_fort_small_4, layout_loops_ring, serial_shops,
          shop
D:2:      layout_rooms, basic_ecumenical_altar, minmay_diced_spiral
D:3:      layout_loops_ring, cheibriados_altar_1
D:4:      layout_gridville, kennysheep_decorative_pillar,
          chequers_serial_rivers_micro_b, guppyfry_early_orc_mine,
          uniq_blork_the_orc, uniq_robin
D:5:      layout_loops_ring, general_overflow_altar, serial_shops,
          nicolae_shop_stone, nicolae_shop_behind_doors, kennysheep_mini_moat,
          kennysheep_mini, minmay_a_box_with_orc_wizards_in_it
D:6:      layout_loops_ring, mainiacjoe_overflow_small_starburst,
          minmay_temple_entry_junction, serial_bayou_lagoon_b
D:7:      layout_gridville, grunt_dithmenos_shadows, grunt_decor_arrowhead,
          grunt_ministairs_8, nicolae_lava_and_water
D:8:      layout_basic, amcnicky_altar_gilded, minmay_overflow_temple_star_quad,
          mainiacjoe_overflow_24_doors, lair_entry_dummy,
          gammafunk_ghost_wrathful_warriors, uniq_maggie, uniq_amaemon,
          uniq_pikel
D:9:      layout_loops_ring, nicolae_overflow_crystal_walls, xom_teletrap_fun,
          ebering_ghost_disaster_area, nicolae_elevator_lobby_asterisk
D:10:     layout_rooms, mainiacjoe_overflow_concentric_impassable,
          lemuel_zombie_altar_yredelemnul
D:11:     layout_irregular_city, zombieorc2_lemuel, enter_trove_1, demons_altar
D:12:     gammafunk_the_bubble [the_bubble_gammafunk_crates],
          layout_irregular_city, serial_shops,
          nicolae_shop_temple_entry_statues_fountains, nicolae_shop_trees, shop,
          nicolae_shop_temple_entry_statues_fountains
D:13:     layout_cross, uniq_jorgrun, uniq_josephine
D:14:     layout_basic, erik_vaults_2, nicolae_cairo_tiling
D:15:     grunt_enter_depths_hoard, layout_basic, minmay_misc_feat_square,
          serial_corexii_hall, corexii_hall_statues_deadend,
          chequers_hall_statues_y, grunt_ministairs_7
Lair:1:   layout_roguey, enter_volcano_1, infiniplex_staircase_pool_2,
          grunt_megastairs_5
Lair:2:   layout_hall_layers, nicolae_swamp_entry_splash_gauntlet,
          infiniplex_staircase_pool, uniq_erica
Lair:3:   layout_loops_ring, spider_nest_entry_web_field,
          kilobyte_rumbling_trees
Lair:4:   layout_long_grid, grunt_forest_large_clearings, grunt_megastairs_3,
          serial_bayou_shore_b, lemuel_fruit_fields, lemuel_fruit_fields
Lair:5:   evil_forest, layout_layer_cave, slime_entry_2, basic_altar
Slime:1:  layout_caves, basic_altar
Slime:2:  layout_caves, uniq_dissolution
Slime:3:  layout_caves
Slime:4:  layout_caves
Slime:5
Orc:1:    layout_caves
Orc:2:    st_orc_ogre_mass, layout_caves, basic_altar, sword_in_stone
Elf:1:    nicolae_elf_arrival_fired_up, layout_gridlike,
          portal_desolation_entry_ruin, hangedman_elven_crosses_minicolossus,
          minmay_shoptagon
Desolation

Skill      XL: |  1  2  3  4  5  6  7  8  9 10 11 12 13 14 15 16 17 |
---------------+----------------------------------------------------+-----
Earth Magic    | 2 3 4 5 6 8 10 11 12 14 | 14.1
Conjurations   | 3 5 7 9 12 13 | 13.2
Shields        | 2 4 7 8 10 11 | 11.3
Spellcasting   | 4 6 8 9 10 | 10.2
Fighting       | 5 6 7 9 11 | 11.0
Invocations    | 4 7 9 |  9.0
Dodging        | 3 5 7 8 9 |  9.0
Evocations     | 3 5 |  5.0
Armour         | 3 5 7 8 |  8.0
Hexes          | 1 |  1.0

Action                   |  1- 3 |  4- 6 |  7- 9 | 10-12 | 13-15 | 16-18 || total
-------------------------+-------+-------+-------+-------+-------+-------++-------
Melee: Dagger            |    84 |    18 |   177 |    19 |       |       ||   298
       Long sword        |       |    24 |       |       |       |       ||    24
       Demon whip        |       |       |       |    88 |       |       ||    88
       Bite              |       |       |       |    11 |    62 |    30 ||   103
       Short sword       |       |       |       |    63 |   277 |       ||   340
       Pseudopods        |       |       |       |       |    95 |    61 ||   156
       Spear             |       |       |       |       |    74 |   159 ||   233
       Headbutt          |       |       |       |       |     1 |    63 ||    64
       Kick              |       |       |       |       |       |    23 ||    23
Throw: Dart              |       |       |     3 |     1 |       |       ||     4
 Cast: Sandblast         |    60 |    79 |   171 |   247 |    23 |       ||   580
       Stone Arrow       |       |       |    15 |    90 |   560 |   253 ||   918
       Iron Shot         |       |       |       |       |       |     3 ||     3
Invok: Oozemancy         |       |       |       |     3 |     1 |       ||     4
       Slimify           |       |       |       |     2 |     2 |     1 ||     5
Evoke: Wand              |       |       |       |       |     2 |     4 ||     6
       Phial of floods   |       |       |       |       |     2 |     2 ||     4
  Use: Potion            |       |       |     8 |       |       |     3 ||    11
       Scroll            |       |       |     6 |     6 |     4 |     4 ||    20
 Stab: Sleeping          |     1 |       |       |       |       |     2 ||     3
       Distracted        |       |       |       |       |       |     4 ||     4
Armor: Robe              |    39 |    49 |   129 |    33 |       |       ||   250
       Acid dragon scale |       |       |       |   112 |   195 |    47 ||   354
Dodge: Dodged            |    50 |    47 |   137 |   237 |   513 |   278 ||  1262
Block: Buckler           |    25 |    13 |    69 |   264 |   471 |   248 ||  1090
       Reflection        |       |       |       |     8 |    13 |    21 ||    42
